 Dungeon Crawl Stone Soup version 0.29.1-15-g9cfb28693d (webtiles) character file.

Game seed: 14346622049572792889

11 Artool the Trooper (level 2, -1/24 HPs)
             Began as a Demonspawn Fighter on Apr 6, 2023.
             Killed from afar by a dart slug (2 damage)
             ... with a slug dart
             ... on level 1 of the Dungeon.
             The game lasted 00:00:37 (679 turns).

Artool the Trooper (Demonspawn Fighter)              Turns: 679, Time: 00:00:38

Health: -1/24      AC:  6    Str: 16    XL:     2   Next: 17%
Magic:  2/2        EV:  8    Int:  9    God:
Gold:   75         SH:  4    Dex: 12    Spells: 1/1 levels left

rFire   . . .      SeeInvis .   f - +4 spear
rCold   . . .      Faith    .   c - +0 buckler
rNeg    . . .      Spirit   .   b - +0 scale mail
rPois   .          Reflect  .   (no helmet)
rElec   .          Harm     .   (no cloak)
rCorr   .          Rampage  .   (no gloves)
Will    .....                   (no boots)
Stlth   ..........              (no amulet)
HPRegen 0.08/turn               (no ring)
MPRegen 0.08/turn               (no ring)

@: no status effects
A: hooves 1
a: no special abilities


You were on level 1 of the Dungeon.
You visited 1 branch of the dungeon, and saw 1 of its levels.

You collected 75 gold pieces.

Inventory:

Hand Weapons
 a - a +0 flail
 f - a +4 spear (weapon)
Armour
 b - a +0 scale mail (worn)
 c - a +0 buckler (worn)
Scrolls
 e - 4 scrolls of identify {unknown}
Potions
 d - a potion of might
 g - 2 potions of brilliance {unknown}
 h - a potion of curing {unknown}


   Skills:
 + Level 3.1 Fighting
 + Level 2.0 Maces & Flails
 + Level 2.8 Armour
 + Level 2.8 Shields


You had one spell level left.
You didn't know any spells.
Your spell library was empty.

Dungeon Overview and Level Annotations

Branches:
Dungeon (1/15)

Altars:


Innate Abilities, Weirdness & Mutations

You have large cloven feet.


Message History

The dart slug misses you. The dart slug launches a dart at you.
The slug dart misses you. You block the dart slug's attack.
The dart slug completely misses you. The dart slug launches a dart at you.
The slug dart hits you but does no damage.
The dart slug bites you. The dart slug closely misses you.
The dart slug bites you but does no damage.
The dart slug closely misses you. The dart slug closely misses you.
The dart slug bites you. The dart slug barely misses you.
The dart slug briefly extends its eye-stalks.
The dart slug launches a dart at you. The slug dart hits you.
* * * LOW HITPOINT WARNING * * *
You block the dart slug's attack. You block the dart slug's attack.
The dart slug bites you.
* * * LOW HITPOINT WARNING * * *
The dart slug launches a dart at you. The slug dart misses you.
The dart slug bites you but does no damage.
The dart slug bites you but does no damage.
The dart slug launches a dart at you. The slug dart hits you.
* * * LOW HITPOINT WARNING * * *
You block the dart slug's attack. The dart slug bites you.
* * * LOW HITPOINT WARNING * * *
The dart slug bites you but does no damage.
The dart slug barely misses you. The dart slug bites you.
* * * LOW HITPOINT WARNING * * *
The dart slug closely misses you. The dart slug launches a dart at you.
The slug dart hits you.
You die...

#...# ##. ###.# #_
#.# #. #.# #. #.# ..
#.# .. #.# .. ###.#
. #..@# #.
#...w...... .
#..#.#.#.#. ##.
#.......... #..
#..#.#.#.#.#######.#
#..................#
#..#.#.#.#. .......#
##......... #...#
#....


You could see a dart slug.

Vanquished Creatures
  An endoplasm (D:1)
  A giant cockroach (D:1)
  A goblin (D:1)
  A hobgoblin (D:1)
  A kobold (D:1)
  A ball python (D:1)
  3 bats (D:1)
  3 frilled lizards (D:1)
12 creatures vanquished.

Notes
Turn   | Place    | Note
-------+----------+-------------------------------------------
     0 | D:1      | Artool the Demonspawn Fighter began the quest for the Orb.
     0 | D:1      | Reached XP level 1. HP: 18/18 MP: 1/1
   268 | D:1      | Gained mutation: You have large cloven feet. [demonic
                  | ancestry]
   268 | D:1      | Reached XP level 2. HP: 24/24 MP: 2/2
   473 | D:1      | Found a faded altar of an unknown god.
   671 | D:1      | HP: 1/24 [dart slug (2)]
   676 | D:1      | HP: 1/24 [dart slug (1)]
   679 | D:1      | Killed from afar by a dart slug

Illustrated notes

Levels and vault maps discovered:
D:1:      amcnicky_arrival_underground_garden, layout_loops_ring, serial_glass,
          glass_columns_a, glass_columns_c, basic_ecumenical_altar,
          grunt_decor_resistance

Skill      XL: |  1 |
---------------+----+-----
Maces & Flails | 2 |  2.0
Fighting       | |  3.1
Armour         | |  2.8
Shields        | |  2.8

Action                   || total
-------------------------++-------
Melee: Spear             ||    17
       Flail             ||     7
Armor: Scale mail        ||    32
Dodge: Dodged            ||    30
Block: Buckler           ||     9
